 Dungeon Crawl Stone Soup version 0.29-a0-330-g52719c12eb (webtiles) character file.

Game seed: 10055377216211713401

18757 Ajdolov the Unseen (level 12, 0/115 HPs)
             Began as a Kobold Brigand on May 3, 2022.
             Was a Priest of Wu Jian.
             Slain by a +6 long sword (3 damage)
             ... on level 13 of the Dungeon.
             The game lasted 00:28:53 (17027 turns).

Ajdolov the Unseen (Kobold Brigand)                Turns: 17027, Time: 00:28:54

Health: 0/115      AC: 26    Str:  9    XL:     12   Next: 99%
Magic:  12/12      EV:  3    Int: 12    God:    Wu Jian [***...]
Gold:   511        SH:  0    Dex: 21    Spells: 11/11 levels left

rFire   + . .      SeeInvis .   a - +2 dagger (spect)
rCold   . . .      Faith    .   (no shield)
rNeg    . . .      Spirit   .   (body armour currently unavailable)
rPois   +          Reflect  .   (helmet currently unavailable)
rElec   .          Harm     .   (cloak currently unavailable)
rCorr   .          Rampage  .   (gloves currently unavailable)
Will    .....      NoTele   +   (boots currently unavailable)
Stlth   ++++++++..              (no amulet)
HPRegen 0.29/turn               q - ring of flight
MPRegen 0.13/turn               l - ring of protection from fire

@: tree-form, hasted, very quick
A: stationary, stasis, torment immunity, boosted hp, small, no large weapons,
nightstalker 3
a: Renounce Religion, Wall Jump, Serpent's Lash


You were on level 13 of the Dungeon.
You worshipped Wu Jian.
Wu Jian was most pleased with you.
You were a tree.
You visited 2 branches of the dungeon, and saw 14 of its levels.

You collected 511 gold pieces.

Inventory:

Hand Weapons
 a - a +2 spectral dagger (weapon)
Missiles
 d - 39 poisoned darts (quivered)
 f - 4 curare-tipped darts
Armour
 e - a +2 pair of boots (melded)
 n - a +0 helmet (melded)
 z - the +2 pair of gloves of Maast (melded) {Will++ Str+4 Int+5 Dex-3}
   (You found it on level 3 of the Dungeon)

   Str:       It affects your strength (+4).
   Int:       It affects your intelligence (+5).
   Dex:       It affects your dexterity (-3).
   Will:      It greatly increases your willpower.
 E - +0 steam dragon scales (melded)
 F - a +2 cloak of willpower (melded)
Jewellery
 l - a ring of protection from fire (right branch)
 q - a ring of flight (left branch)
 K - a +4 ring of evasion
Wands
 y - a wand of charming (6)
 D - a wand of iceblast (10)
 G - a wand of paralysis (2)
 H - a wand of mindburst (11)
 I - a wand of flame (22)
Scrolls
 b - a scroll of brand weapon
 g - 3 scrolls of teleportation
 h - 2 scrolls of enchant weapon
 j - 6 scrolls of fog
 k - 4 scrolls of immolation
 m - a scroll of blinking
 v - a scroll of holy word
 B - 2 scrolls of magic mapping
 C - 8 scrolls of summoning
 L - 2 scrolls of vulnerability
 M - a scroll of identify
Potions
 c - a potion of berserk rage {unknown}
 i - 8 potions of curing
 o - 3 potions of attraction {unknown}
 p - 3 potions of lignification
 r - 3 potions of brilliance
 s - a potion of flight {unknown}
 t - a potion of mutation {unknown}
 u - 2 potions of resistance {unknown}
 w - a potion of degeneration {unknown}
 x - 2 potions of ambrosia {unknown}
 A - 2 potions of magic {unknown}
 N - a potion of cancellation {unknown}


   Skills:
 + Level 9.9 Fighting
 - Level 10.0 Short Blades
 - Level 2.1 Throwing
 - Level 1.2 Dodging
 * Level 19.1 Stealth
 + Level 12.6 Evocations


You had 11 spell levels left.
You didn't know any spells.
Your spell library contained the following spells:

 Spells                   Type           Power      Damage    Failure   Level
 Animate Skeleton         Necr           0%         N/A       32%         1
 Apportation              Tloc           0%         N/A       32%         1
 Slow                     Hex            0%         N/A       32%         1
 Summon Small Mammal      Summ           0%         N/A       32%         1
 Confusing Touch          Hex            0%         N/A       69%         3
 Vampiric Draining        Necr           0%         2d6       69%         3
 Fulminant Prism          Conj/Hex       0%         3d6       97%         4
 Iskenderun's Mystic Bla  Conj/Tloc      0%         2d3       97%         4
 Olgreb's Toxic Radiance  Pois           0%         N/A       97%         4
 Lee's Rapid Deconstruct  Erth           0%         3d5*      100%        5
 Ozocubu's Refrigeration  Ice            0%         4d5       100%        7
 Ignition                 Fire           0%         3d3       100%        8


Dungeon Overview and Level Annotations

Branches:
Dungeon (13/15)            Temple (1/1) D:7            Lair (0/6) D:10
    Orc (0/2) D:10
 Vaults: D:13-14

Altars:
Ashenzari
Cheibriados
Dithmenos
Elyvilon
Fedhas
Gozag
Hepliaklqana
Kikubaaqudgha
Makhleb
Nemelex Xobeh
Okawaru
Qazlal
Ru
Sif Muna
Trog
Uskayaw
Vehumet
Wu Jian
Xom
Yredelemnul
Zin
The Shining One

Portals:
Abyss: D:11

Annotations:
D:10 1 runed translucent door, DrLatency's ghost, novice FeCK
D:11 2 transporters, manifold's ghost, journeyman TrWr


Innate Abilities, Weirdness & Mutations

You are a tree.
Your roots penetrate the ground, keeping you stationary.
You cannot be teleported.
You are immune to unholy pain and torment.
Your maximum health is greatly increased.
Your equipment is partially melded.
You are small and have problems with some larger weapons.
You are completely attuned to the shadows.


Message History

Press: ? - help, Dir - move target A +8 long sword comes into view.
As you read the scroll of blinking, it crumbles to dust.
You feel yourself speed up. The +6 long sword barely misses you.
Found 13 stones.
Okay, then.
Okay, then.
Really quaff the potion of lignification?
You turn into a tree.
Your +2 cloak of willpower melds into your body.
Your +0 helmet melds into your body.
The +2 pair of gloves of Maast {Will++ Str+4 Int+5 Dex-3} melds into your body.
Your +2 pair of boots melds into your body.
Your +0 steam dragon scales melds into your body.
You feel less strong-willed.
Your roots penetrate the ground.
The +6 long sword hits you but does no damage.
You closely miss the +6 long sword.
The +6 long sword is lightly damaged.
Your +2 spectral dagger misses the +6 long sword.
The +6 long sword hits you!
* * * LOW HITPOINT WARNING * * *
Unknown command.
Aiming: Paralyse
Press: ? - help, Shift-Dir - straight line, f - +6 long sword
Aim: a +6 long sword (lightly damaged, infinite will)
Okay, then.
Unknown command.
You hit the +6 long sword but do no damage.
The +6 long sword is lightly damaged.
Your +2 spectral dagger hits the +6 long sword.
Unknown command.
Aiming: Throw Flame
Press: ? - help, Shift-Dir - straight line, f - +6 long sword
Aim: a +6 long sword (lightly damaged, 55% to hit)
The puff of flame hits the +6 long sword.
The +6 long sword completely resists.
The +6 long sword is lightly damaged.
The +6 long sword hits you but does no damage.
The +6 long sword hits you.
You die...

.................
.##..##.....(....
##..........#
...........##
........K....
..(........##
............
#####(§....
#♣.... #.....
#..... #.....
#.....


You could see a +6 long sword and a kobold.

Vanquished Creatures
  A hydra (D:12)
  4 two-headed ogres
  Nergalle (D:11)
  Pikel (D:5)
  2 cyclopes
  An ugly thing (D:11)
  A manticore (D:7)
  A gargoyle (D:12)
  An unseen horror (D:11)
  Maggie (D:6)
  2 kobold demonologists
  A komodo dragon (D:11)
  An efreet (D:13)
  3 trolls
  Grinder (D:6)
  A hornet (D:9)
  6 slime creatures (D:12)
  2 wraiths
  2 shadows (D:10)
  20 yaks
  A wyvern (D:10)
  Grum (D:8)
  A steam dragon (D:9)
  A human (D:10)
  4 vampire mosquitoes (D:11)
  A warg (D:10)
  Menkaure (D:5)
  9 orc warriors
  A sky beast (D:7)
  An ogre (D:6)
  4 wolves
  A phantom (D:7)
  2 centaurs
  4 kobold brigands
  Blork the orc (D:6)
  3 bullfrogs
  A gnoll sergeant (D:9)
  3 scorpions
  2 necrophages (D:7)
  7 wights
  14 killer bees
  4 howler monkeys
  13 orc priests
  2 jellies
  Crazy Yiuf (D:6)
  3 iguanas
  8 orc wizards
  A killer bee zombie (D:7)
  2 mummies (D:7)
  6 gnolls
  3 adders
  An ufetubus (D:6)
  4 worms
  A dart slug (D:2)
  49 orcs
  8 endoplasms
  A giant cockroach (D:2)
  6 hobgoblins
  3 quokkas
  5 ball pythons
  4 bats
  4 frilled lizards
  8 goblins
  20 kobolds
  A rat (D:1)
274 creatures vanquished.

Vanquished Creatures (others)
  An orc (D:5)
1 creature vanquished.

Grand Total: 275 creatures vanquished

Notes
Turn   | Place    | Note
-------+----------+-------------------------------------------
     0 | D:1      | Ajdolov the Kobold Brigand began the quest for the Orb.
     0 | D:1      | Reached XP level 1. HP: 12/12 MP: 1/1
   347 | D:1      | Reached XP level 2. HP: 17/17 MP: 2/2
   722 | D:2      | Reached skill level 6 in Stealth
  1085 | D:2      | Reached XP level 3. HP: 21/21 MP: 3/3
  1240 | D:2      | Found a faded altar of an unknown god.
  1393 | D:2      | Reached XP level 4. HP: 26/26 MP: 4/4
  1878 | D:3      | You are sucked into a shaft and drop 3 floors!
  1878 | D:6      | Noticed Blork the orc
  1966 | D:6      | Noticed Grinder
  1970 | D:6      | Killed Grinder
  1971 | D:6      | Reached skill level 5 in Short Blades
  1971 | D:6      | Reached skill level 8 in Stealth
  1971 | D:6      | Reached XP level 5. HP: 30/30 MP: 5/5
  1971 | D:6      | Reached XP level 6. HP: 35/35 MP: 6/6
  2024 | D:6      | Reached skill level 9 in Stealth
  2105 | D:5      | Entered Level 5 of the Dungeon
  2176 | D:4      | Reached XP level 7. HP: 40/40 MP: 7/7
  3449 | D:3      | Identified the +2 pair of gloves of Maast {Will++ Str+4
                  | Int+5 Dex-3}
  3611 | D:4      | Found a hazy altar of Hepliaklqana.
  4001 | D:5      | Noticed Menkaure
  4005 | D:5      | Killed Menkaure
  4006 | D:5      | Reached skill level 10 in Stealth
  4065 | D:5      | Reached XP level 8. HP: 44/44 MP: 8/8
  4084 | D:5      | Reached skill level 11 in Stealth
  4930 | D:6      | Noticed Pikel
  4955 | D:5      | Killed Pikel
  4956 | D:5      | Reached skill level 12 in Stealth
  5195 | D:6      | Noticed Maggie
  5199 | D:6      | Killed Maggie
  5200 | D:6      | Reached skill level 13 in Stealth
  5200 | D:6      | Reached XP level 9. HP: 48/48 MP: 9/9
  5214 | D:6      | Found a blossoming altar of Fedhas.
  5301 | D:6      | Found a hide-covered altar of Uskayaw.
  5393 | D:6      | Killed Blork the orc
  5639 | D:6      | Reached skill level 14 in Stealth
  6199 | D:6      | Found a glowing golden altar of the Shining One.
  6221 | D:6      | Identified the +3 mace of the Equator {vorpal, rPois Int+2}
  6225 | D:6      | Found a runed translucent door.
  6228 | D:6      | Noticed Crazy Yiuf
  6238 | D:6      | Killed Crazy Yiuf
  6513 | D:7      | Found a staircase to the Ecumenical Temple.
  6521 | Temple   | Entered the Ecumenical Temple
  6545 | Temple   | Became a worshipper of the Wu Jian Council
  6962 | D:7      | Noticed a manticore
  6965 | D:7      | Killed a manticore
  6966 | D:7      | Reached skill level 10 in Short Blades
  6966 | D:7      | Reached skill level 15 in Stealth
  6966 | D:7      | Reached skill level 1 in Evocations
  7272 | D:7      | Reached XP level 10. HP: 56/56 MP: 10/10
  7807 | D:8      | Noticed Grum
  7880 | D:7      | Reached skill level 5 in Evocations
  8264 | D:8      | Killed Grum
  8942 | D:8      | Reached * piety under Wu Jian
  8964 | D:8      | Reached skill level 5 in Fighting
  9910 | D:8      | Found an iron altar of Okawaru.
  9910 | D:8      | Found a shadowy altar of Dithmenos.
 10774 | D:9      | Paralysed by a hornet for 2 turns
 11458 | D:9      | Noticed a two-headed ogre
 11461 | D:9      | Killed a two-headed ogre
 11462 | D:9      | Reached XP level 11. HP: 66/66 MP: 11/11
 11840 | D:10     | Entered Level 10 of the Dungeon
 12173 | D:10     | Reached skill level 10 in Evocations
 12175 | D:10     | Reached ** piety under Wu Jian
 12275 | D:10     | Found a staircase to the Lair.
 13172 | D:10     | Found a staircase to the Orcish Mines.
 13262 | D:10     | Reached skill level 16 in Stealth
 13934 | D:10     | Found a runed translucent door.
 13936 | D:10     | Noticed DrLatency's ghost (novice FeCK)
 13937 | D:10     | Noticed a cyclops
 14181 | D:11     | Noticed a two-headed ogre
 14184 | D:11     | Found a transporter.
 14793 | D:11     | Noticed Nergalle
 14794 | D:11     | Noticed a two-headed ogre
 14796 | D:11     | Killed Nergalle
 14796 | D:11     | Reached *** piety under Wu Jian
 14798 | D:11     | Killed a two-headed ogre
 14799 | D:11     | Reached skill level 17 in Stealth
 14799 | D:11     | Reached XP level 12. HP: 75/75 MP: 12/12
 14815 | D:11     | Found a one-way gate to the infinite horrors of the Abyss.
 14815 | D:11     | Noticed manifold's ghost (journeyman TrWr)
 14816 | D:11     | Noticed a two-headed ogre
 14820 | D:11     | Killed a two-headed ogre
 14849 | D:11     | Found a transporter.
 15037 | D:11     | Found a glowing silver altar of Zin.
 15095 | D:11     | Killed a two-headed ogre
 15604 | D:12     | Reached skill level 18 in Stealth
 16118 | D:12     | Noticed a four-headed hydra
 16122 | D:12     | Killed a four-headed hydra
 16970 | D:13     | Reached skill level 19 in Stealth
 17000 | D:13     | Noticed a +6 long sword
 17015 | D:13     | Noticed a +8 long sword
 17025 | D:13     | HP: 3/115 [+6 long sword (17)]
 17027 | D:13     | Slain by a +6 long sword

Illustrated notes

Levels and vault maps discovered:
D:1:      dpeg_arrival_pits, layout_loops_ring
D:2:      layout_loops_ring, ebering_ecumenical_altar_abandoned
D:3:      layout_basic, kennysheep_generic_room_2
D:4:      layout_cave_pools, nzn_hepliaklqana_mist_gate
D:5:      layout_basic, nicolae_fountain_basement, uniq_menkaure
D:6:      layout_basic, tso_oasis_becter, mainiacjoe_overflow_paths,
          nicolae_uskayaw_dance_hall, uniq_grinder, uniq_pikel, uniq_maggie,
          uniq_blork_the_orc, uniq_crazy_yiuf_cottage
D:7:      layout_loops_corners, minmay_temple_entry_antechambers, serial_undead,
          serial_undead_e, serial_undead_e, serial_undead_e, serial_undead_c
D:8:      layout_basic, gammafunk_temple_overflow_pools, uniq_grum
D:9:      layout_irregular_city
D:10:     layout_basic, lair_entry_dummy, erik_orc_4, ebering_ghost_inner_flame
D:11:     layout_loops_ring, gammafunk_ghost_abyssal_escape, zin_treasury,
          uniq_nergalle
D:12:     layout_cave_pools
D:13:     layout_irregular_city, erik_vaults_1, serial_ice, serial_ice_d,
          serial_ice_c, serial_ice_b, serial_ice_e, serial_ice_m, serial_ice_o,
          portal_ice_cave_entry_pillars_2, gammafunk_ghost_hydra_chop,
          minmay_guarded_unrand_finisher, uniq_erolcha
Temple:   lightli_temple_of_artemis

Skill      XL: |  1  2  3  4  5  6  7  8  9 10 11 12 |
---------------+-------------------------------------+-----
Short Blades   | 3 5 6 8 10 | 10.0
Stealth        | 6 8 9 10 13 15 17 19 | 19.1
Evocations     | 3 9 11 12 | 12.6
Fighting       | 3 6 8 9 |  9.9
Throwing       | |  2.1
Dodging        | |  1.2

Action                   |  1- 3 |  4- 6 |  7- 9 | 10-12 || total
-------------------------+-------+-------+-------+-------++-------
Melee: Dagger            |    53 |    15 |   230 |   968 ||  1266
       Punch             |     1 |       |     3 |    17 ||    21
Throw: Dart              |     1 |       |     4 |    23 ||    28
Invok: Lunge             |       |       |     7 |    75 ||    82
       Whirlwind         |       |       |       |    47 ||    47
Evoke: Wand              |       |       |     4 |     7 ||    11
  Use: Scroll            |       |       |     9 |    10 ||    19
       Potion            |       |       |       |     3 ||     3
 Stab: Sleeping          |    18 |     9 |    37 |    47 ||   111
       Distracted        |       |       |     2 |    22 ||    24
       Paralysed         |       |       |       |     2 ||     2
Armor: Robe              |     7 |       |    28 |       ||    35
       Steam dragon scal |       |       |    18 |   195 ||   213
       Skin              |       |       |       |     2 ||     2
Dodge: Dodged            |    16 |     3 |   133 |   344 ||   496

Table legend: (Time is in decaauts)
 A = Elapsed time spent in this place.
 B = Non-inter-level travel time spent in this place.
 C = Inter-level travel time spent in this place.
 D = Time resting spent in this place.
 E = Time spent auto-exploring this place.
 F = Levels seen in this place.
 G = Mean time per level.
                   A        B        C        D        E       F      G
               +--------+--------+--------+--------+--------+-----+--------+
         Total |  16572 |  16093 |    479 |   3365 |   9921 |  14 | 1183.7 |
       Dungeon |  16527 |  16067 |    460 |   3365 |   9918 |  13 | 1271.3 |
        Temple |     44 |     25 |     19 |      0 |      3 |   1 |   44.0 |
               +--------+--------+--------+--------+--------+-----+--------+

Top non-repeatable levels by time:
     D:9: 2147 daAuts
     D:7: 1931 daAuts
    D:11: 1893 daAuts
     D:8: 1802 daAuts
    D:10: 1510 daAuts
     D:2: 1395 daAuts
     D:6: 1317 daAuts
     D:5: 1219 daAuts
     D:3: 1015 daAuts
    D:12: 851 daAuts
     D:4: 733 daAuts
     D:1: 634 daAuts
    D:13: 75 daAuts
  Temple: 44 daAuts
